TOP OF THE 1ST |
Phoenix Hotspur batting - Pitching for Richardson City Thundercats : LHP Javier Ramírez
|
Pitching: LHP Javier Ramírez
|
|
Batting: LHB John Cossey
|
0-0: Ball 1-0: Swinging Strike 1-1: Foul Ball, location: 2F 1-2: Foul Ball, location: 2F 1-2: Fly out, F5 (Popup, 25F)
|
Batting: RHB Raúl González
|
0-0: Ground out 5-3 (Groundball, 56S)
|
Batting: SHB Dave Orchard
|
0-0: Ball 1-0: Called Strike 1-1: Swinging Strike 1-2: Ball 2-2: Ball 3-2: Ground out 4-3 (Groundball, 4)
|
Top of the 1st over - 0 run(s), 0 hit(s), 0 error(s), 0 left on base; Phoenix 0 - Richardson City 0 |
BOTTOM OF THE 1ST |
Richardson City Thundercats batting - Pitching for Phoenix Hotspur : RHP Scott William
|
Pitching: RHP Scott William
|
|
Batting: SHB Leonard O'Connor
|
0-0: Called Strike 0-1: Foul Ball, location: 2F 0-2: Ball 1-2: Ball 2-2: SINGLE (Line Drive, 89S)
|
Batting: RHB Juan Cabrera
|
0-0: Ball 1-0: Called Strike 1-1: Foul Ball, location: 2F 1-2: Grounds into double play, 6-4-3 (Groundball, 6)
|
Batting: RHB Alden Wiley
|
0-0: Called Strike 0-1: Ball 1-1: Fly out, F8 (Flyball, 8RM)
|
Bottom of the 1st over - 0 run(s), 1 hit(s), 0 error(s), 0 left on base; Phoenix 0 - Richardson City 0 |
TOP OF THE 2ND |
Phoenix Hotspur batting - Pitching for Richardson City Thundercats : LHP Javier Ramírez
|
Batting: RHB Pedro Torrez
|
0-0: Foul Ball, location: 2F 0-1: Ball 1-1: Ball 2-1: Ground out 5-3 (Groundball, 5)
|
Batting: RHB Juan Banda
|
0-0: Called Strike 0-1: Ball 1-1: Ball 2-1: Ball 3-1: Foul Ball, location: 2F 3-2: Ground out 4-3 (Groundball, 4)
|
Batting: RHB Keith Burnett
|
0-0: Ball 1-0: Ball 2-0: Ball 3-0: Called Strike 3-1: Foul Ball, location: 2F 3-2: Foul Ball, location: 2F 3-2: Strikes out swinging
|
Top of the 2nd over - 0 run(s), 0 hit(s), 0 error(s), 0 left on base; Phoenix 0 - Richardson City 0 |
BOTTOM OF THE 2ND |
Richardson City Thundercats batting - Pitching for Phoenix Hotspur : RHP Scott William
|
Batting: RHB Joey Jones
|
0-0: Foul Ball, location: 2F 0-1: SINGLE (Line Drive, 4M)
|
Batting: RHB Nate Cates
|
0-0: Foul Ball, location: 2F 0-1: Ball 1-1: Foul Ball, location: 2F 1-2: Ball 2-2: Foul Ball, location: 2F 2-2: Foul Ball, location: 2F 2-2: Ball 3-2: Foul Ball, location: 2F 3-2: Foul Ball, location: 2F 3-2: Base on Balls Joey Jones to second
|
Batting: LHB Terrence Eler
|
0-0: Foul Ball, location: 2F 0-1: Ball 1-1: Fly out, F9 (Flyball, 89M) Runner from 2nd tags up, SAFE at 3rd with throw
|
Batting: RHB Yong-oon Yi
|
0-0: Fly out, F9 (Flyball, 9M) Runner from 3rd tags up, SCORES, throw made
|
Batting: RHB Steve Dunn
|
0-0: Ball 1-0: Ball 2-0: Ball 3-0: Called Strike 3-1: Base on Balls Nate Cates to second
|
Batting: RHB Chriss Mann
|
0-0: Called Strike 0-1: Ground out 5-3 (Groundball, 5S)
|
Bottom of the 2nd over - 1 run(s), 1 hit(s), 0 error(s), 2 left on base; Phoenix 0 - Richardson City 1 |
TOP OF THE 3RD |
Phoenix Hotspur batting - Pitching for Richardson City Thundercats : LHP Javier Ramírez
|
Batting: LHB Clark Espinosa
|
0-0: SINGLE (Groundball, 34D)
|
Batting: RHB Juan Aguirre
|
0-0: Called Strike 0-1: Called Strike 0-2: Strikes out swinging
|
Batting: RHB Jorge Gonzáles
|
0-0: Swinging Strike 0-1: Foul Ball, location: 2F 0-2: Strikes out looking
|
Batting: LHB John Cossey
|
0-0: Swinging Strike 0-1: Ground out 4-3 (Groundball, 34)
|
Top of the 3rd over - 0 run(s), 1 hit(s), 0 error(s), 1 left on base; Phoenix 0 - Richardson City 1 |
BOTTOM OF THE 3RD |
Richardson City Thundercats batting - Pitching for Phoenix Hotspur : RHP Scott William
|
Batting: SHB Leonard O'Connor
|
0-0: Ball 1-0: Ball 2-0: Ball 3-0: Called Strike 3-1: Called Strike 3-2: Base on Balls
|
Batting: RHB Juan Cabrera
|
0-0: Called Strike 0-1: Ball 1-1: Ball 2-1: SINGLE (Line Drive, 6MD) Leonard O'Connor to second
|
Batting: RHB Alden Wiley
|
0-0: Ball 1-0: Ball 2-0: Ball 3-0: Base on Balls Leonard O'Connor to third Juan Cabrera to second
|
Batting: RHB Joey Jones
|
0-0: Ball 1-0: Swinging Strike 1-1: Ball 2-1: Foul Ball, location: 2F 2-2: Foul Ball, location: 2F 2-2: Foul Ball, location: 2F 2-2: Foul Ball, location: 2F 2-2: Ball 3-2: Base on Balls Leonard O'Connor scores Juan Cabrera to third Alden Wiley to second
|
Batting: RHB Nate Cates
|
0-0: Ball 1-0: Ball 2-0: Ball 3-0: Called Strike 3-1: DOUBLE (Flyball, 8RXD) Juan Cabrera scores Alden Wiley scores Joey Jones to third Runner from 3rd tries for Home, SAFE, no throw or cutoff
|
Pitching: RHP Feliks Mleczko
|
|
Batting: LHB Terrence Eler
|
0-0: Ball 1-0: Hit by Pitch
|
Batting: RHB Yong-oon Yi
|
0-0: Fly out, F8 (Flyball, 8LS)
|
Batting: RHB Steve Dunn
|
0-0: Called Strike 0-1: Ground out 5-3 (Groundball, 15S) Nate Cates to third Terrence Eler to second
|
Batting: RHB Chriss Mann
|
0-0: Ball 1-0: Ground out 5-3 (Groundball, 56S)
|
Bottom of the 3rd over - 4 run(s), 2 hit(s), 0 error(s), 2 left on base; Phoenix 0 - Richardson City 5 |
TOP OF THE 4TH |
Phoenix Hotspur batting - Pitching for Richardson City Thundercats : LHP Javier Ramírez
|
Batting: RHB Raúl González
|
0-0: Called Strike 0-1: Ground out 4-3 (Groundball, 4)
|
Batting: SHB Dave Orchard
|
0-0: Called Strike 0-1: Foul Ball, location: 2F 0-2: Ball 1-2: Strikes out swinging
|
Batting: RHB Pedro Torrez
|
0-0: Called Strike 0-1: Ball 1-1: Called Strike 1-2: Ground out 4-3 (Groundball, 34)
|
Top of the 4th over - 0 run(s), 0 hit(s), 0 error(s), 0 left on base; Phoenix 0 - Richardson City 5 |
BOTTOM OF THE 4TH |
Richardson City Thundercats batting - Pitching for Phoenix Hotspur : RHP Feliks Mleczko
|
Batting: SHB Leonard O'Connor
|
0-0: Ball 1-0: Ball 2-0: Called Strike 2-1: Ball 3-1: Ground out 1-3 (Groundball, 15)
|
Batting: RHB Juan Cabrera
|
0-0: Ball 1-0: Ball 2-0: Ball 3-0: Base on Balls
|
Batting: RHB Alden Wiley
|
0-0: Called Strike 0-1: Foul Ball, location: 2F 0-2: Ball 1-2: Foul Ball, location: 2F 1-2: Ball 2-2: Foul Ball, location: 2F 2-2: Ball 3-2: Fly out, F8 (Flyball, 8LXD)
|
Batting: RHB Joey Jones
|
0-0: Fly out, F4 (Popup, 3D)
|
Bottom of the 4th over - 0 run(s), 0 hit(s), 0 error(s), 1 left on base; Phoenix 0 - Richardson City 5 |
TOP OF THE 5TH |
Phoenix Hotspur batting - Pitching for Richardson City Thundercats : LHP Javier Ramírez
|
Batting: RHB Juan Banda
|
0-0: Called Strike 0-1: Ball 1-1: Foul Ball, location: 2F 1-2: Strikes out looking
|
Batting: RHB Keith Burnett
|
0-0: Called Strike 0-1: Ball 1-1: Called Strike 1-2: Strikes out looking
|
Batting: LHB Clark Espinosa
|
0-0: Fly out, F7 (Line Drive, 7LM)
|
Top of the 5th over - 0 run(s), 0 hit(s), 0 error(s), 0 left on base; Phoenix 0 - Richardson City 5 |
BOTTOM OF THE 5TH |
Richardson City Thundercats batting - Pitching for Phoenix Hotspur : RHP Feliks Mleczko
|
Pitching: RHP Craig Moody
|
|
Batting: RHB Nate Cates
|
0-0: Ball 1-0: Fly out, F8 (Line Drive, 8RD)
|
Batting: LHB Terrence Eler
|
0-0: Ball 1-0: SOLO HOME RUN (Flyball, 9D), Distance : 359 ft
|
Batting: RHB Yong-oon Yi
|
0-0: Swinging Strike 0-1: Fly out, F8 (Flyball, 8RS)
|
Batting: RHB Steve Dunn
|
0-0: Ball 1-0: Fly out, F7 (Flyball, 78M)
|
Bottom of the 5th over - 1 run(s), 1 hit(s), 0 error(s), 0 left on base; Phoenix 0 - Richardson City 6 |
TOP OF THE 6TH |
Phoenix Hotspur batting - Pitching for Richardson City Thundercats : LHP Javier Ramírez
|
Batting: RHB Juan Aguirre
|
0-0: Swinging Strike 0-1: Ball 1-1: Ball 2-1: Foul Ball, location: 2F 2-2: Strikes out swinging
|
Batting: RHB Jorge Gonzáles
|
0-0: Called Strike 0-1: Swinging Strike 0-2: Strikes out swinging
|
Batting: LHB John Cossey
|
0-0: SOLO HOME RUN (Line Drive, 9LD), Distance : 350 ft
|
Batting: RHB Raúl González
|
0-0: Called Strike 0-1: Ball 1-1: Ball 2-1: Foul Ball, location: 2F 2-2: Foul Ball, location: 2F 2-2: Ball 3-2: Foul Ball, location: 2F 3-2: Ground out 6-3 (Groundball, 56)
|
Top of the 6th over - 1 run(s), 1 hit(s), 0 error(s), 0 left on base; Phoenix 1 - Richardson City 6 |
BOTTOM OF THE 6TH |
Richardson City Thundercats batting - Pitching for Phoenix Hotspur : RHP Craig Moody
|
Batting: RHB Chriss Mann
|
0-0: Ball 1-0: Called Strike 1-1: Ball 2-1: Foul Ball, location: 2F 2-2: Ball 3-2: Foul Ball, location: 2F 3-2: Base on Balls
|
Pitching: RHP Jesús Olvero
|
|
Batting: SHB Leonard O'Connor
|
0-0: Ball Chriss Mann steals 2nd base 1-0: Ball 2-0: Called Strike 2-1: Ball 3-1: Foul Ball, location: 2F 3-2: Strikes out looking
|
Batting: RHB Juan Cabrera
|
0-0: Ball 1-0: Ground out 6-3 (Groundball, 6M) Chriss Mann to third
|
Batting: RHB Alden Wiley
|
0-0: Swinging Strike 0-1: Ball 1-1: Ball 2-1: Swinging Strike 2-2: Ball 3-2: Ground out 6-3 (Groundball, 6)
|
Bottom of the 6th over - 0 run(s), 0 hit(s), 0 error(s), 1 left on base; Phoenix 1 - Richardson City 6 |
TOP OF THE 7TH |
Phoenix Hotspur batting - Pitching for Richardson City Thundercats : LHP Javier Ramírez
|
Batting: SHB Dave Orchard
|
0-0: Fly out, F8 (Flyball, 8RM)
|
Batting: RHB Pedro Torrez
|
0-0: Ball 1-0: SOLO HOME RUN (Line Drive, 7LD), Distance : 365 ft
|
Batting: RHB Juan Banda
|
0-0: Called Strike 0-1: Foul Ball, location: 2F 0-2: Ball 1-2: Ball 2-2: Ball 3-2: Foul Ball, location: 2F 3-2: Foul Ball, location: 2F 3-2: Fly out, F9 (Flyball, 89M)
|
Batting: RHB Keith Burnett
|
0-0: SINGLE (Groundball, 4MD) (infield hit)
|
Pinch Runner at 1st Félix Rodríguez:
|
|
Batting: LHB Clark Espinosa
|
0-0: Foul Ball, location: 2F 0-1: Called Strike 0-2: Ball 1-2: Strikes out swinging
|
Top of the 7th over - 1 run(s), 2 hit(s), 0 error(s), 1 left on base; Phoenix 2 - Richardson City 6 |
BOTTOM OF THE 7TH |
Richardson City Thundercats batting - Pitching for Phoenix Hotspur : RHP Jesús Olvero
|
Now in LF: Félix Rodríguez
|
|
Batting: RHB Joey Jones
|
0-0: Swinging Strike 0-1: Ball 1-1: Ball 2-1: Foul Ball, location: 2F 2-2: Fly out, F3 (Popup, 13)
|
Batting: RHB Nate Cates
|
0-0: Called Strike 0-1: Ball 1-1: Ground out 5-3 (Groundball, 56S)
|
Batting: LHB Terrence Eler
|
0-0: Called Strike 0-1: Foul Ball, location: 2F 0-2: Fly out, F9 (Flyball, 8RD)
|
Bottom of the 7th over - 0 run(s), 0 hit(s), 0 error(s), 0 left on base; Phoenix 2 - Richardson City 6 |
TOP OF THE 8TH |
Phoenix Hotspur batting - Pitching for Richardson City Thundercats : LHP Javier Ramírez
|
Batting: RHB Juan Aguirre
|
0-0: Ball 1-0: Ball 2-0: SINGLE (Line Drive, 7S)
|
Batting: RHB Jorge Gonzáles
|
0-0: Fly out, F8 (Flyball, 8RD)
|
Batting: LHB John Cossey
|
0-0: Ball 1-0: SINGLE (Line Drive, 78M) Juan Aguirre to second
|
Batting: RHB Raúl González
|
0-0: Called Strike 0-1: Ball 1-1: Called Strike 1-2: Ball 2-2: Foul Ball, location: 2F 2-2: SINGLE (Groundball, 4MD) Juan Aguirre to third John Cossey to second
|
Batting: SHB Dave Orchard
|
0-0: Called Strike 0-1: Grounds into fielders choice 1-2 (Groundball, 15S) John Cossey to third Raúl González to second
|
Batting: RHB Pedro Torrez
|
0-0: Called Strike 0-1: Called Strike 0-2: Foul Ball, location: 2F 0-2: Ball 1-2: Fielders Choice at 2nd, U6 (Groundball, 6M)
|
Top of the 8th over - 0 run(s), 3 hit(s), 0 error(s), 3 left on base; Phoenix 2 - Richardson City 6 |
BOTTOM OF THE 8TH |
Richardson City Thundercats batting - Pitching for Phoenix Hotspur : RHP Jesús Olvero
|
Pitching: RHP Donald Gregory
|
|
Batting: RHB Yong-oon Yi
|
0-0: Ground out 5-3 (Groundball, 56)
|
Batting: RHB Steve Dunn
|
0-0: Ball 1-0: Swinging Strike 1-1: Foul Ball, location: 2F 1-2: Foul Ball, location: 2F 1-2: SINGLE (Line Drive, 8LS)
|
Batting: RHB Chriss Mann
|
0-0: Foul Ball, location: 2F 0-1: Ball 1-1: SINGLE (Groundball, 56D) Steve Dunn to second
|
Batting: SHB Leonard O'Connor
|
0-0: Called Strike 0-1: DOUBLE (Line Drive, 7LD) Steve Dunn scores Chriss Mann to third
|
Batting: RHB Juan Cabrera
|
0-0: Ball 1-0: Ball 2-0: Ball 3-0: Fly out, F7 (Line Drive, 7M) Runner from 3rd tags up, SCORES, no throw
|
Pitching: RHP Miguel Angel Liñares
|
|
Batting: RHB Alden Wiley
|
0-0: Swinging Strike 0-1: Ball 1-1: Ball 2-1: Ball 3-1: Foul Ball, location: 2F 3-2: Ground out 5-3 (Groundball, 56)
|
Bottom of the 8th over - 2 run(s), 3 hit(s), 0 error(s), 1 left on base; Phoenix 2 - Richardson City 8 |
TOP OF THE 9TH |
Phoenix Hotspur batting - Pitching for Richardson City Thundercats : LHP Javier Ramírez
|
Batting: RHB Juan Banda
|
0-0: Foul Ball, location: 2F 0-1: Foul Ball, location: 2F 0-2: Strikes out looking
|
Pitching: RHP John Hicks
|
|
Batting: RHB Félix Rodríguez
|
0-0: Called Strike 0-1: Ball 1-1: Foul Ball, location: 2F 1-2: Ground out 1-3 (Groundball, 23)
|
Batting: LHB Clark Espinosa
|
0-0: Called Strike 0-1: Foul Ball, location: 2F 0-2: Ball 1-2: Ball 2-2: Ball 3-2: Base on Balls
|
Batting: RHB Juan Aguirre
|
0-0: Ball 1-0: Called Strike 1-1: Ball 2-1: DOUBLE (Flyball, 9LM) Clark Espinosa to third Runner from 3rd tries for Home, throw and OUT!
|
Top of the 9th over - 0 run(s), 1 hit(s), 0 error(s), 1 left on base; Phoenix 2 - Richardson City 8 |
|